AoeStats
← Stonefoot28

Arabia

510220315Analyzed
2v2 RM · 16h ago on Sep 30, 2026· 32m 51s· 4 players
Game mode
Random Map
Map size
Medium (4 player)
Population
200
Speed
Normal
Resources
Standard
Victory
Conquest
Starting age
Dark Age
Ending age
Imperial Age
RankedLock teamsTeams togetherTeam positionsShared explorationLock speedFull tech treeHidden civsTurbo modeCheats
Victory
Defeat
🇺🇸 Varangians · United States
1226
+15
🇺🇸 Khitans · United States
1224
+15
🇺🇸 Berbers · United States
1260
-18
🇺🇸 Khmer · United States
1140
-12
Bane Daughter of Chaos
2:41 Loom
11:00 Feudal Age
11:32 Double-Bit Axe
20:32 Castle Age
18:58 Stone Mining
18:56 Horse Collar
19:18 Stone Mining
19:49 Fletching
20:15 Gold Mining
24:02 Bloodlines
26:04 Bow Saw
26:58 Bodkin Arrow
27:26 Husbandry
30:07 Wheelbarrow
30:02 Ballistics
32:05 Padded Archer Armor
LkASr
6:51 Loom
9:54 Feudal Age
18:41 Castle Age
16:46 Horse Collar
16:57 Double-Bit Axe
19:46 Heavy Plow
20:07 Bow Saw
22:27 Gold Mining
24:18 Husbandry
25:13 Fletching
26:14 Padded Archer Armor
Stonefoot28
6:31 Loom
9:25 Feudal Age
10:09 Double-Bit Axe
11:54 Bloodlines
11:49 Horse Collar
21:27 Castle Age
19:33 Scale Barding Armor
19:39 Forging
19:50 Scale Mail Armor
19:38 Arson
21:10 Town Watch
22:01 Wheelbarrow
21:24 Gold Mining
23:10 Iron Casting
23:04 Squires
24:31 Bow Saw
26:04 Chain Mail Armor
29:26 Heavy Plow
33:21 Hand Cart
32:34 Light Cavalry
LethalHubris
2:33 Loom
9:40 Feudal Age
10:21 Double-Bit Axe
10:18 Domestication
16:28 Wheelbarrow
20:28 Castle Age
18:38 Gold Mining
18:55 Fletching
21:21 Bow Saw
20:34 Heavy Cavalry Archer
21:58 Bodkin Arrow
22:26 Husbandry
23:11 Padded Archer Armor
24:40 Thumb Ring
26:13 Leather Archer Armor
28:49 Ballistics
Connection lost

Rejoining the realm…

Still unreachable

The connection could not be restored.

Session expired

The server has moved on; the page needs a fresh start.